 Dungeon Crawl Stone Soup version 0.25-a0-1057-gcb8d101 (webtiles) character file.

Game seed: 1692704055578322278, levelgen mode: deterministic

126 AtlasWard the Insei (level 4, -2/37 HPs)
             Began as a Draconian Transmuter on May 13, 2020.
             Was an Initiate of Okawaru.
             Slain by a centaur
             ... wielding a +0 whip
              (3 damage)
             ... on level 5 of the Dungeon.
             The game lasted 00:05:00 (3499 turns).

AtlasWard the Insei (Draconian Transmuter)          Turns: 3499, Time: 00:05:01

Health: -2/37      AC:  5    Str: 12    XL:     4   Next: 83%
Magic:  5/7        EV: 12    Int: 13    God:    Okawaru [......]
Gold:   200        SH:  0    Dex: 13    Spells: 6/7 levels left

rFire    . . .     SeeInvis .     - Unarmed
rCold    . . .     Gourm    .   (no shield)
rNeg     . . .     Faith    .   (armour unavailable)
rPois    .         Spirit   .   (helmet restricted)
rElec    .         Reflect  .   n - scarf {+Inv}
rCorr    .         Harm     .   (no gloves)
MR       .....                  (boots currently unavailable)
Stlth    +.........             (no amulet)
HPRegen  0.12/turn              (no ring)
MPRegen  0.10/turn              (no ring)

@: appendage, very slightly contaminated
A: unfitting armour, talons 3, cold-blooded, AC +5
a: End Transformation, Renounce Religion, Evoke Invisibility


You were on level 5 of the Dungeon.
You worshipped Okawaru.
Okawaru was noncommittal.
You were near starving.
You had grown temporary talons.
You visited 1 branch of the dungeon, and saw 5 of its levels.

You collected 200 gold pieces.

Inventory:

Missiles
 a - 71 arrows
Armour
 n - a scarf of invisibility (worn)
 w - a cursed +0 pair of boots
Jewellery
 v - an uncursed ring of flight {unknown}
Wands
 p - a wand of disintegration (13)
 x - a wand of random effects (5)
Scrolls
 b - a scroll of amnesia {unknown}
 d - a scroll of identify
 e - a scroll of immolation {unknown}
 h - 2 scrolls of enchant weapon {unknown}
 j - 2 scrolls of random uselessness {unknown}
 k - 2 scrolls of remove curse {unknown}
 m - 3 scrolls of fear {unknown}
 o - 2 scrolls of teleportation {unknown}
 y - a scroll of fog {unknown}
Potions
 g - a potion of cancellation
 i - 2 potions of stabbing
 l - a potion of curing {unknown}
 q - 2 potions of degeneration
 r - a potion of haste
 s - a potion of brilliance {unknown}
 t - 3 potions of flight {unknown}
 u - a potion of experience {unknown}
Comestibles
 c - 9 rations


   Skills:
 + Level 2.9 Fighting
 - Level 1.7 Dodging
 * Level 4.2 Unarmed Combat
 - Level 2.0 Spellcasting
 - Level 2.8 Transmutations
 + Level 1.2 Invocations


You had 6 spell levels left.
You knew the following spells:

 Your Spells              Type           Power        Failure   Level  Hunger
a - Beastly Appendage     Tmut           #.....       9%          1    ##.....

Your spell library contained the following spells:

 Spells                   Type           Power        Failure   Level  Hunger
 Sticks to Snakes         Tmut           #.......     12%         2    ###....
 Magic Dart               Conj           #...         26%         1    ##.....
 Blink                    Tloc           N/A          36%         2    ###....
 Call Imp                 Summ           #.......     36%         2    ###....
 Slow                     Hex            #.......     36%         2    ###....
 Spider Form              Tmut/Pois      #.........   41%         3    ####...
 Conjure Flame            Conj/Fire      #.......     58%         3    ####...
 Mephitic Cloud           Conj/Pois/Air  #.......     58%         3    ####...
 Ice Form                 Ice/Tmut       #.......     82%         4    #####..
 Blade Hands              Tmut           #.........   92%         5    ######.


Dungeon Overview and Level Annotations

Branches:
Dungeon (5/15)
 Temple: D:4-7

Altars:
Okawaru
Uskayaw
Wu Jian

Annotations:
D:3 exclusion: sky beast


Innate Abilities, Weirdness & Mutations

Your plain brown scales are hard. (AC +5)
You cannot fit into any form of body armour.
You are cold-blooded and may be slowed by cold attacks.
You have claws for feet.


Message History

The centaur is moderately wounded.
The centaur hits you but does no damage.
The centaur barely misses you.
You hit the centaur but do no damage.
The centaur is moderately wounded.
The centaur hits you with a +0 whip.
You hit the centaur. You claw the centaur.
The centaur is severely wounded.
The centaur closely misses you.
You hit the centaur.
The centaur is almost dead.
The centaur hits you with a +0 whip.
* * * LOW HITPOINT WARNING * * *
The centaur hits you with a +0 whip.
* * * LOW HITPOINT WARNING * * *
You are near starving!
You hit the centaur but do no damage.
The centaur is almost dead.
The centaur hits you with a +0 whip.
You die...

##......##.....## .##
##........#..#.#.###....
#.........#.##..........
##.....................
#>...##....#..........#
###..#.....#.#......#
##.........#......##.#
#####.......#((.........
#..........@##.....##.## #
#............c#.....)....##.#
.................#.###.......
..^...........##(#c..........
.........#....(........(>....
#.......##......#(.....(.....
...>..#####......c....#......
..... #..........## ...## .
#...#.......c......#


You could see a centaur.

Vanquished Creatures
  A crimson imp (D:5)
  3 adders
  An ooze (D:2)
  A dart slug (D:1)
  2 orcs
  6 bats
  5 giant cockroaches
  3 goblins
  7 hobgoblins
  3 jackals (D:2)
  2 quokkas (D:2)
  9 frilled lizards
  5 kobolds
  9 rats
57 creatures vanquished.

Notes
Turn   | Place    | Note
-------+----------+-------------------------------------------
     0 | D:1      | AtlasWard the Draconian Transmuter began the quest for the
                  | Orb.
     0 | D:1      | Reached XP level 1. HP: 16/16 MP: 3/3
   398 | D:1      | Reached XP level 2. HP: 18/23 MP: 5/5
  1036 | D:2      | Reached XP level 3. HP: 28/29 MP: 4/6
  1457 | D:2      | Found an iron altar of Okawaru.
  1457 | D:2      | Found an ornate altar of the Wu Jian Council.
  1457 | D:2      | Found a hide-covered altar of Uskayaw.
  1500 | D:2      | Became a worshipper of Warmaster Okawaru
  1759 | D:3      | Noticed a sky beast
  2194 | D:3      | Reached XP level 4. HP: 37/37 MP: 5/7
  2700 | D:4      | Reached skill level 4 in Unarmed Combat
  3099 | D:5      | Entered Level 5 of the Dungeon
  3152 | D:5      | Noticed a phantom
  3187 | D:5      | Noticed a centaur
  3378 | D:5      | Reached skill level 1 in Invocations
  3498 | D:5      | HP: 1/37 [centaur/+0 whip (6)]
  3499 | D:5      | Slain by a centaur

Illustrated notes

Levels and vault maps discovered:
D:1:      sevenhm_arrival_forest_fort_large_4, layout_loops_ring
D:2:      layout_rooms, chequers_temple_overflow_statue_of_worship
D:3:      layout_loops_cross
D:4:      layout_gridville
D:5:      layout_cave_pools, minmay_temple_entry_hall, first_ration,
          uniq_eustachio

Skill      XL: |  1  2  3  4 |
---------------+-------------+-----
Fighting       | 2 |  2.9
Unarmed Combat | 4 |  4.2
Invocations    | 1 |  1.2
Dodging        | |  1.7
Spellcasting   | |  2.0
Transmutations | |  2.8

Action                   |  1- 3 |  4- 6 || total
-------------------------+-------+-------++-------
Melee: Unarmed           |   164 |   108 ||   272
       Tailslap          |    10 |    13 ||    23
       Punch             |     2 |     3 ||     5
       Kick              |     1 |     2 ||     3
       Headbutt          |       |     2 ||     2
 Cast: Beastly Appendage |     2 |     6 ||     8
  Use: Scroll            |       |     5 ||     5
       Potion            |       |     1 ||     1
 Stab: Sleeping          |     2 |       ||     2
  Eat: Chunk             |     4 |     3 ||     7
Armor: Skin              |    54 |    22 ||    76
Dodge: Dodged            |   120 |    60 ||   180

Table legend:
 A = Non-vault XP
 B = Vault XP
 C = Vault XP percentage of total XP
 D = Non-vault monster count
 E = Vault monster count
 F = Vault count percentage of total count
                 A         B        C        D         E       F
            +---------+---------+-------+---------+---------+-------
      Total |     180 |       0 |   0.0 |      57 |       0 |   0.0
            +---------+---------+-------+---------+---------+-------
        D:1 |      24 |       0 |   0.0 |      14 |       0 |   0.0
        D:2 |      51 |       0 |   0.0 |      23 |       0 |   0.0
        D:3 |      51 |       0 |   0.0 |      17 |       0 |   0.0
        D:4 |       4 |       0 |   0.0 |       2 |       0 |   0.0
        D:5 |      50 |       0 |   0.0 |       1 |       0 |   0.0
            +---------+---------+-------+---------+---------+-------
